[Event "*** Titled Tuesday Blitz"]
[Site "Chess.com"]
[Date "2018.06.05"]
[Round "4"]
[White "ENEASZ"]
[Black "djamir"]
[Result "1-0"]
[WhiteElo "2519"]
[BlackElo "2576"]
[TimeControl "180+2"]
[EndTime "13:59:44 PDT"]
[Termination "ENEASZ won by resignation"]

1. e4 c5 2. c3 Nf6 3. e5 Nd5 4. d4 cxd4 5. Nf3 d6 6. Bc4 Nb6 7. Bb3 e6 8. O-O Nc6 9. Bg5 Qc7 10. exd6 Bxd6 11. cxd4 O-O 12. Nc3 Bf4 13. Qd3 h6 14. Bxf4 Qxf4 15. Qe3 Qd6 16. Rfd1 Nd5 17. Nxd5 exd5 18.
Ne5 Re8 19. Qg3 Nxe5 20. dxe5 Qxe5 21. Qxe5 Rxe5 22. Bxd5 Be6 23. Bxe6 Rxe6 24. Rd7 Rb8 25. Rc1 Re2 26. Rb1 Kf8 27. g3 Re7 28. Rbd1 Ke8 29.
Rxe7+ Kxe7 30. Kg2 Rc8 31. Rd2 Rc6 32. f4 Rd6 33.
Rc2 Kd7 34. Kf3 f5 35. Ke3 g6 36. h3 h5 37. b3 b6 38. Rg2 Kc6 39. Rc2+ Kd7 40.
Rg2 Re6+ 41. Kd4 Kd6 42. Rc2 h4 43. gxh4 Re4+ 44. Kd3 Rxf4 45. Rg2 Rxh4 46. Rxg6+ Kd5 47. Rg3 Ke5 48. Rg7 Rxh3+ 49. Kc4 f4 50. Rxa7 Ke4 51. Re7+ Kf3 52. Kb5 Rh2 53. a4 Rb2 54. b4 Kg2 55. Rg7+ Kf2 56. Rg6 f3 57. Rxb6 Ke2 58. a5 f2 59. Re6+ Kd2 60. Rf6 Ke2 61. a6 Rb3 62. a7 Ra3 63. Kb6 f1=Q 64. Rxf1 Kxf1 65. b5 Ke2 66. Kb7 Kd3 67. a8=Q Rxa8 68. Kxa8 1-0

[Event "*** Titled Tuesday Blitz"]
[Site "Chess.com"]
[Date "2018.06.05"]
[Round "4"]
[White "biostatistician"]
[Black "jlucasvf"]
[Result "1-0"]
[WhiteElo "2451"]
[BlackElo "2261"]
[TimeControl "180+2"]
[EndTime "13:59:45 PDT"]
[Termination "biostatistician won by checkmate"]

1. d4 Nf6 2. Nf3 d5 3. c4 e6 4. Bg5 dxc4 5. Nc3 Bb4 6. e4 h6 7. Bxf6 Qxf6 8. Bxc4 c5 9. O-O O-O 10. e5 Qd8 11. a3 Bxc3 12. bxc3 cxd4 13. cxd4 Nc6 14.
Qd3 Ne7 15. Bb3 Bd7 16. Bc2 g6 17. Nd2 Bc6 18. Ne4 Bxe4 19. Qxe4 Qd5 20. Rac1 Rac8 21. Qf4 Rfd8 22. Rfd1 Qa2 23. Bb1 Qxa3 24. Rxc8 Rxc8 25. Qxh6 Qb3 26. Rf1 Qb4 27. d5 Nxd5 28. Bxg6 fxg6 29.
Qxg6+ Kf8 30. Qxe6 Ne7 31. Qf6+ Ke8 32. e6 Qd6 33.
Qh8+ Ng8 34. Qxg8+ Qf8 35. Qg6+ Ke7 36. Qh7+ Kxe6 37. Re1+ Kf6 38. Qxb7 Qc5 39. h4 Rf8 40. Ra1 a5 41. Qa6+ Kg7 42. Qb7+ Rf7 43. Qb2+ Kg8 44. Qd2 Rf5 45. Re1 Kg7 46. Qd7+ Rf7 47. Qg4+ Kf8 48. Qe2 a4 49. Qe8+ Kg7 50. Qe5+ Qxe5 51. Rxe5 Ra7 52. Re2 a3 53. Ra2 Kf6 54. Kh2 Kf5 55. Kh3 Ra4 56. f3 Kf4 57. h5 Ra5 58. Kh4 Ra4 59. h6 Ra5 60. g4 Kxf3 61. h7 Ra8 62. g5 Kf4 63. g6 Rb8 64. g7 Rb1 65. Rxa3 Rh1+ 66.
Rh3 Rg1 67. g8=Q Rg4+ 68. Qxg4+ Ke5 69. h8=Q+ Kd6 70. Qd8+ Kc6 71. Qc4+ Kb7 72. Rb3+ Ka7 73. Qa4# 1-0

[Event "*** Titled Tuesday Blitz"]
[Site "Chess.com"]
[Date "2018.06.05"]
[Round "4"]
[White "Tesla37"]
[Black "AndreyOstrovskiy"]
[Result "0-1"]
[WhiteElo "2626"]
[BlackElo "2667"]
[TimeControl "180+2"]
[EndTime "13:59:47 PDT"]
[Termination "AndreyOstrovskiy won by resignation"]

1. e4 e5 2. Nf3 Nc6 3. Bb5 a6 4. Ba4 Nf6 5. O-O Be7 6. d3 b5 7. Bb3 d6 8. a3 Rb8 9. Nc3 Na5 10. Ba2 c5 11. Ng5 O-O 12. f4 c4 13. Nf3 Qc7 14. h3 h6 15. Be3 Bb7 16. Rc1 Rbd8 17. b4 Nc6 18. dxc4 bxc4 19. Nd5 Nxd5 20. exd5 Nb8 21. c3 Nd7 22. Rc2 Nf6 23. Rd2 Ne4 24. Rc2 Bf6 25. Bb1 Rfe8 26. f5 Be7 27. Nh2 Nf6 28. Rd2 Rc8 29.
Ng4 Qd8 30. Qf3 Nxg4 31. Qxg4 Bg5 32. Bxg5 Qxg5 33. Qe2 e4 34. Rd4 Re5 35. f6 Bxd5 36.
fxg7 Qxg7 37. Rfd1 Be6 38. Rxd6 Bxh3 39. Bxe4 Rce8 40.
Rd8 Bg4 41. Rxe8+ Rxe8 42. Bh7+ Kxh7 43. Qxe8 Bxd1 44. Qe4+ Qg6 45. Qxc4 Bf3 46. Qf1 Bb7 47. c4 h5 48. Qf2 Be4 49. a4 Bf5 50. b5 axb5 51.
cxb5 Bd3 52. b6 Ba6 53. a5 Bb7 54. Kh2 Qd6+ 55. Kg1 Qd5 56. Kh2 Kg6 57. Qg3+ Kf6 58. Qf4+ Ke6 59. Qh6+ f6 60. Qe3+ Qe5+ 61. Qxe5+ fxe5 62. Kg3 Kf5 63. Kh4 Kf4 64. g3+ Kf3 0-1

[Event "*** Titled Tuesday Blitz"]
[Site "Chess.com"]
[Date "2018.06.05"]
[Round "4"]
[White "enriquetejedor"]
[Black "Alexander_Moskalenko"]
[Result "0-1"]
[WhiteElo "2524"]
[BlackElo "2767"]
[TimeControl "180+2"]
[EndTime "13:59:53 PDT"]
[Termination "Alexander_Moskalenko won by resignation"]

1. d4 d6 2. Nf3 g6 3. Bf4 Bg7 4. e3 Nd7 5. c4 e5 6. Bg3 Ne7 7.
Nc3 Nf5 8. dxe5 Nxg3 9. e6 Ne5 10.
exf7+ Nxf7 11. hxg3 c6 12. Bd3 Be6 13. Qb3 Qe7 14.
O-O O-O 15. Rfe1 a6 16. Rad1 b5 17. Nd4 Ne5 18. Nxe6 Qxe6 19. cxb5 Qxb3 20. axb3 axb5 21. Be4 Rad8 22. f4 d5 23. fxe5 dxe4 24. Nxe4 Bxe5 25. Rxd8 Rxd8 26. Re2 Rd3 27. Nc5 Rd5 28.
Ne4 Rd1+ 29. Kf2 Rb1 30. Rc2 b4 31. Nd2 Rxb2 32. Rxb2 Bxb2 33. Kf3 Kf7 34. g4 Ke6 35. Ke4 Bc3 36. Nf3 Bf6 37. Nd4+ Kd6 38. Nf3 Kc5 39.
Ne1 Kb5 40. Nf3 c5 41. Nd2 Bc3 42. Nc4 Kc6 43. Na5+ Kd6 44. Nc4+ Ke6 45. Nb6 Be1 46.
Nc4 Bg3 47. Nd2 Be5 48. Kd3 Kd5 49. Nf3 Bf6 50. e4+ Kd6 51. Kc4 Be7 52. Kb5 Ke6 53. Kc6 h6 54. Kb5 Bf8 55. Kc4 Be7 56. Kd3 h5 57.
gxh5 gxh5 58. Kc4 h4 59. Kd3 Kf7 60. Ne5+ Kf6 61. Nf3 Kg6 62. Ke3 Kh5 63. Kf4 c4 64. bxc4 b3 65. Nd2 Bg5+ 66. Ke5 Bxd2 67. c5 b2 68. c6 Ba5 69. c7 Bxc7+ 0-1

[Event "*** Titled Tuesday Blitz"]
[Site "Chess.com"]
[Date "2018.06.05"]
[Round "4"]
[White "Buffy7"]
[Black "florianschwabeneder"]
[Result "1-0"]
[WhiteElo "2708"]
[BlackElo "2375"]
[TimeControl "180+2"]
[EndTime "13:59:56 PDT"]
[Termination "Buffy7 won on time"]

1. d4 Nf6 2. Nf3 c5 3. e3 e6 4. b3 cxd4 5. exd4 g6 6. Be2 Bg7 7. Ba3 d6 8. c4 O-O 9. O-O b6 10. Nc3 a6 11. Bb2 Bb7 12. a4 Nc6 13. Re1 d5 14. Ne5 Na5 15. Bf3 Rc8 16. Rc1 Rc7 17. Ba3 Re8 18. c5 bxc5 19. Bxc5 Rc8 20. b4 Nc6 21. Nxc6 Bxc6 22. b5 axb5 23. axb5 Bb7 24. Qb3 Nd7 25. Na4 Ra8 26. Qb4 e5 27. Bd6 exd4 28.
Rxe8+ Qxe8 29. b6 d3 30. Nc5 Nxc5 31. Bxc5 Qe5 32. g3 Ra1 33. Rxa1 Qxa1+ 34. Kg2 Qc3 35. Qb5 h5 36. Qe8+ Kh7 37. Bf8 d2 38. Bd1 d4+ 39. Kh3 Qc4 40. Bxg7 Kxg7 41. Qe5+ Kh7 42. g4 hxg4+ 43.
Kh4 Qb4 44. Qf6 Qf8 45. Kxg4 Qh6 46. Kg3 Qg7 47. Qh4+ Kg8 48. Qd8+ Kh7 49. Qe7 Bd5 50. b7 Bxb7 51. Qxb7 Qe5+ 52. Kg2 Kg7 53. Qf3 Qe1 54. Qe2 Kf6 55. Qf3+ Kg7 56. Bb3 f5 57. h4 Qe4 58.
Kg3 Kf6 59. Bd1 Ke5 60. Qa3 Qf4+ 61. Kg2 Qxh4 62. Qc5+ Kf6 63. Qc7 1-0

[Event "*** Titled Tuesday Blitz"]
[Site "Chess.com"]
[Date "2018.06.05"]
[Round "4"]
[White "Angry_Serb"]
[Black "matiss90"]
[Result "0-1"]
[WhiteElo "2482"]
[BlackElo "2375"]
[TimeControl "180+2"]
[EndTime "13:59:58 PDT"]
[Termination "matiss90 won by resignation"]

1. e4 c5 2. Nc3 Nc6 3. Bb5 e6 4. Nf3 Nge7 5. O-O Ng6 6. d4 cxd4 7.
Nxd4 Bc5 8. Nb3 Bb6 9. Kh1 a6 10. Bd3 Bc7 11. f4 b5 12. Qe2 Bb7 13. Nc5 Bc8 14. f5 Nge5 15. fxe6 dxe6 16. Be3 Qd6 17. g3 Nd4 18. Qf2 Qxc5 19. Bxd4 Qe7 20. Bc5 Bd6 21. Bxd6 Qxd6 22. Rad1 Qe7 23. Qd4 f6 24. a4 b4 25.
Ne2 O-O 26. Nf4 Bb7 27. Bc4 Nxc4 28. Qxc4 Rfe8 29. Rfe1 Rac8 30. Qb3 g5 31. Ng2 Red8 32. e5 f5 33. Rxd8+ Rxd8 34. Qe3 h6 35. Kg1 Rc8 36. c3 bxc3 37. bxc3 Qc5 38. Qxc5 Rxc5 39. Rb1 Bxg2 40. Kxg2 Rxe5 41. Rb6 a5 42. Rb5 Re3 43. Rxa5 Rxc3 44. Ra7 e5 45. Re7 Rc2+ 46. Kg1 Rc5 47. Ra7 e4 48.
Re7 Kf8 49. Re6 Kg7 50. g4 Rc1+ 51. Kg2 Rc2+ 52. Kg1 fxg4 53. Rxe4 h5 54. a5 Ra2 55.
Re5 Kg6 56. Rb5 h4 57. Kh1 Kh5 58. Kg1 g3 59. hxg3 h3 60. g4+ Kxg4 61. Rb4+ Kg3 62.
Rb3+ Kh4 63. Rb4+ g4 64. Rb5 Ra1+ 0-1

[Event "*** Titled Tuesday Blitz"]
[Site "Chess.com"]
[Date "2018.06.05"]
[Round "4"]
[White "Ehsan_GhaemMaghami"]
[Black "maximlavrov"]
[Result "1/2-1/2"]
[WhiteElo "2572"]
[BlackElo "2463"]
[TimeControl "180+2"]
[EndTime "14:00:05 PDT"]
[Termination "Game drawn by agreement"]

1. c4 g6 2. d4 Bg7 3. Nf3 d6 4. Nc3 e5 5. g3 exd4 6. Nxd4 Nf6 7. Bg2 O-O 8. O-O Re8 9. b3 Nbd7 10. Bb2 c6 11. Qd2 Nc5 12. Rad1 a5 13. Rfe1 Qb6 14. Qf4 a4 15. Qxd6 axb3 16. axb3 Nxb3 17. Ncb5 Rd8 18. Qxd8+ Qxd8 19. Nxc6 Qf8 20. Rd8 bxc6 21. Rxf8+ Kxf8 22. Bxc6 Ra2 23. Bc3 Be6 24. Nd6 Ng4 25. Bb4 Kg8 26. Bd5 Bd4 27. e3 Bc5 28. Bxe6 fxe6 29. Bxc5 Nxc5 30.
Rf1 Nd3 31. Ne4 Rc2 32. h3 Nge5 33. Rd1 Rxc4 34. Ng5 Rc1 35. Rxc1 Nxc1 36. Nxe6 Ncd3 37. Kg2 Ne1+ 38. Kf1 N1f3 39. Kg2 Kf7 40. Nf4 g5 41.
Ne2 Ke6 42. g4 h6 43. Kg3 Nd2 44. Nd4+ Kf6 45. f4 Ne4+ 46. Kg2 Nc4 47. Nf5 h5 48.
fxg5+ Kxg5 49. Kf3 Ncd2+ 50. Ke2 Nc4 51. Kf3 Nf6 52.
h4+ Kg6 53. Ne7+ Kf7 54. gxh5 Kxe7 55. h6 Kf7 56. h7 Nxh7 57. e4 Ne5+ 58. Kf4 Kf6 59. h5 Nf7 60. e5+ Nxe5 61. h6 Nf7 62. Ke4 1/2-1/2

[Event "*** Titled Tuesday Blitz"]
[Site "Chess.com"]
[Date "2018.06.05"]
[Round "4"]
[White "Supernotar"]
[Black "Margency"]
[Result "0-1"]
[WhiteElo "2423"]
[BlackElo "2580"]
[TimeControl "180+2"]
[EndTime "14:00:11 PDT"]
[Termination "Margency won by checkmate"]

1. d4 Nf6 2. c4 g6 3. Nc3 Bg7 4.
e4 d6 5. Be2 O-O 6. Nf3 Nc6 7.
O-O e5 8. d5 Ne7 9. Ne1 Nd7 10.
Be3 f5 11. f3 f4 12. Bf2 g5 13. a4 Ng6 14. a5 Nf6 15. c5 Rf7 16. cxd6 cxd6 17.
Nb5 g4 18. Bxa7 Bd7 19. Bb6 Qf8 20. Nc7 Rc8 21. Ne6 Qe7 22. Rc1 Bxe6 23. dxe6 Qxe6 24. Rxc8+ Qxc8 25. Qxd6 Bf8 26. Qd3 Bc5+ 27. Kh1 Bxb6 28.
axb6 gxf3 29. Bxf3 Qc5 30. Qb3 Kg7 31. Nd3 Qe3 32. Re1 Qd4 33. Qc3 Rd7 34. Qxd4 Rxd4 35.
Nc5 Rb4 36. Nxb7 Rxb6 37. Nc5 Rxb2 38. Rd1 h5 39. h3 Rc2 40. Nd7 h4 41. Nxf6 Kxf6 42.
Bh5 Nf8 43. Bg4 Rc6 44. Kh2 Nh7 45. Rd8 Ng5 46. Rh8 Kg7 47. Rh5 Kg6 48. Rxh4 Nxe4 49.
Bf3 Rc4 50. Bxe4+ Rxe4 51. Kg1 Re2 52. Kf1 Ra2 53. Rh8 Kf5 54. Rb8 e4 55. Rb5+ Kf6 56. Rb6+ Kg5 57. Rb4 e3 58. Re4 Rf2+ 59. Kg1 Rd2 60.
Kf1 Rd1+ 61. Ke2 Rg1 62. g4 Rg2+ 63. Ke1 Ra2 64. Re8 Kh4 65. Re4 Kg3 66. g5 Kf3 67. Rd4 Ra1+ 68. Rd1 Rxd1+ 69. Kxd1 Kf2 70. g6 e2+ 71.
Kc2 e1=Q 72. g7 Qe4+ 73. Kc1 Qg6 74. h4 Qxg7 75. h5 Qh6 76. Kd2 Qxh5 77. Kd3 Qd5+ 78. Kc2 Ke2 79. Kc3 f3 80. Kb4 f2 81. Ka4 f1=Q 82.
Kb4 Qb1+ 83. Ka4 Qbb3# 0-1

[Event "*** Titled Tuesday Blitz"]
[Site "Chess.com"]
[Date "2018.06.05"]
[Round "4"]
[White "Haykos"]
[Black "cukus"]
[Result "0-1"]
[WhiteElo "2512"]
[BlackElo "2387"]
[TimeControl "180+2"]
[EndTime "14:00:12 PDT"]
[Termination "cukus won by checkmate"]

1. e4 e5 2. Nf3 Nf6 3. Nxe5 d6 4. Nf3 Nxe4 5. Nc3 Nxc3 6. dxc3 Be7 7. Be3 O-O 8. Bd3 Nd7 9. Qd2 Nf6 10. O-O-O d5 11. h3 c5 12. c4 d4 13. Bf4 Be6 14. g4 a6 15. Ng5 Bd7 16. Rde1 Bc6 17. Rhg1 b5 18. Be5 bxc4 19. Bxc4 Bb5 20. Qd3 Bxc4 21. Qxc4 h6 22. Nf3 Qd5 23. Nd2 Qxc4 24. Nxc4 Nd5 25.
Re4 Rfe8 26. Rge1 Bf8 27. Bg3 Nf6 28. Re5 Rxe5 29. Rxe5 Re8 30. f3 Rxe5 31. Bxe5 Nd5 32. Kd2 f6 33. Bg3 Kf7 34. f4 g6 35. Kd3 Ke6 36. a3 f5 37. Bh2 g5 38. fxg5 hxg5 39.
gxf5+ Kxf5 40. Na5 Nf4+ 41. Kc4 Nxh3 42. Nc6 g4 43. Nb8 Ng5 44. Nxa6 Ne4 45. a4 Bd6 46. Bg1 g3 47. Kd5 g2 48. a5 Bg3 49. Nxc5 Bf2 50. Nxe4 Bxg1 51. Ng3+ Kg4 52. Ne2 Be3 53. a6 d3 54.
cxd3 Kf3 55. Ng1+ Bxg1 56. d4 Bxd4 57. Kxd4 g1=Q+ 58. Kc4 Qa7 59. Kb5 Qb8+ 60. Kc6 Ke4 61. b4 Qxb4 62. a7 Ke5 63. Kc7 Qc5+ 64. Kb7 Qb5+ 65.
Kc7 Qa6 66. Kb8 Qb6+ 67. Ka8 Qa6 68. Kb8 Qb5+ 69. Ka8 Qa5 70. Kb7 Qb5+ 71. Ka8 Qc6+ 72.
Kb8 Kd6 73. a8=Q Qc7# 0-1

[Event "*** Titled Tuesday Blitz"]
[Site "Chess.com"]
[Date "2018.06.05"]
[Round "4"]
[White "asms9699"]
[Black "OK97"]
[Result "0-1"]
[WhiteElo "2441"]
[BlackElo "2663"]
[TimeControl "180+2"]
[EndTime "14:00:15 PDT"]
[Termination "OK97 won by resignation"]

1. c4 e5 2. g3 Nf6 3. Bg2 d5 4. cxd5 Nxd5 5. Nc3 Nb6 6. Nf3 Nc6 7. O-O Be7 8. a3 O-O 9. b4 Re8 10. Bb2 Bf8 11. d3 a5 12. b5 Nd4 13. Nd2 c6 14.
e3 Nxb5 15. Nxb5 cxb5 16. Qe2 Na4 17. Ne4 Nxb2 18. Qxb2 Bd7 19. Nc3 b4 20. axb4 axb4 21. Nd5 Rxa1 22. Rxa1 Re6 23. Qd2 Ra6 24. Rb1 Ra4 25. Qc2 Qa5 26. h4 Bc6 27. Qc4 Qc5 28. Qb3 Qa5 29. Qc4 h6 30. Be4 Ra1 31. Rxa1 Qxa1+ 32. Kg2 Qa6 33. Qb3 Qb5 34. Kh2 Qc5 35. h5 Qd6 36.
Qc4 Bd7 37. f4 Be6 38. fxe5 Qxe5 39. Bf3 Qf5 40. Kg2 Qh3+ 41. Kf2 Qh2+ 42. Bg2 Bh3 43.
Nf4 Bxg2 44. Nxg2 Qxh5 45. Nf4 Qe5 46. d4 Qe4 47. Nd5 Qf5+ 48. Ke2 Qg4+ 49. Kf2 Qf5+ 50.
Ke2 Qe6 51. Kd3 Qg6+ 52. Ke2 Qxg3 53. Nxb4 Qg2+ 54. Ke1 Qg1+ 55. Ke2 Qg2+ 56. Ke1 h5 57.
Nd5 h4 58. Nf4 Qg3+ 59. Ke2 h3 60. Nxh3 Qxh3 61. Qd5 Qh2+ 62. Kd3 Qc7 63. e4 Qg3+ 64. Kc4 Qc7+ 65. Kd3 b6 66. e5 Qc8 67. Qb5 Qf5+ 68. Ke3 Qe6 69. Ke4 g6 70. d5 Qf5+ 71. Kd4 Bc5+ 72. Kc4 Qf1+ 0-1

[Event "*** Titled Tuesday Blitz"]
[Site "Chess.com"]
[Date "2018.06.05"]
[Round "4"]
[White "Terrordelcaribe94"]
[Black "dmosesov"]
[Result "1-0"]
[WhiteElo "2360"]
[BlackElo "2192"]
[TimeControl "180+2"]
[EndTime "14:00:15 PDT"]
[Termination "Terrordelcaribe94 won by checkmate"]

1. d4 Nf6 2. Bf4 b6 3. Nf3 Bb7 4. e3 g6 5. Bc4 Bg7 6. Nbd2 O-O 7. h4 h5 8. Qe2 c5 9. c3 Nc6 10.
Ne5 d5 11. Bd3 Nd7 12. Nxc6 Bxc6 13. g4 Nf6 14. Be5 Nxg4 15. Bxg7 Kxg7 16. f3 Nf6 17. O-O-O Qc7 18. f4 cxd4 19. exd4 Qxf4 20. Rdf1 Qd6 21. Rhg1 Ng4 22. Nf3 Qf4+ 23. Kb1 Qe3 24. Qxe3 Nxe3 25. Re1 Ng4 26. Rxe7 Rfe8 27. Rc7 Rec8 28. Re7 Re8 29. Rc7 Rec8 30. Rxc8 Rxc8 31. Ng5 Re8 32. Rf1 Re7 33. a3 f6 34. Nh3 Re3 35. Nf4 f5 36. Bc2 Nf6 37.
Rg1 Ng4 38. Bb3 Rf3 39. Nxd5 Bxd5 40. Bxd5 Rh3 41. Re1 Rxh4 42. Re7+ Kf6 43. Rxa7 Rh2 44. Ba8 h4 45. Rb7 h3 46. Rxb6+ Kg5 47. d5 Rd2 48. d6 h2 49. c4 Ne3 50. c5 Ng2 51. Bxg2 Rxg2 52.
d7 h1=Q+ 53. Ka2 Qd1 54. Rd6 Qc1 55. d8=Q+ Kg4 56. Rd4+ Kg3 57. Qh4+ Kf3 58. Qh3+ Kf2 59. Qd3 Qxc5 60. Rf4+ Kg1 61. Qd1+ Kh2 62. Rh4+ Kg3 63.
Qe1+ Rf2 64. Qh1 Qe5 65. Qh3# 1-0

[Event "*** Titled Tuesday Blitz"]
[Site "Chess.com"]
[Date "2018.06.05"]
[Round "4"]
[White "sere99"]
[Black "51616516516"]
[Result "1/2-1/2"]
[WhiteElo "2267"]
[BlackElo "2286"]
[TimeControl "180+2"]
[EndTime "14:00:23 PDT"]
[Termination "Game drawn by agreement"]

1. d4 Nf6 2. c4 g6 3. Nf3 Bg7 4. g3 d6 5. Bg2 O-O 6. O-O Nc6 7. Nc3 Bf5 8. Ne1 e5 9. d5 Ne7 10. e4 Bg4 11. f3 Bd7 12. Be3 c6 13. dxc6 Bxc6 14.
Rf2 Qc7 15. Rc1 Rfd8 16. Rd2 Ne8 17. Nd3 h6 18. Nb4 f5 19. Ncd5 Bxd5 20. Nxd5 Nxd5 21. Rxd5 Nf6 22. Rd2 fxe4 23. fxe4 h5 24. h3 Qc6 25. c5 Rac8 26. Rcc2 Qa6 27. Rc3 Rc6 28. Rcd3 Qxa2 29. Rxd6 Rcxd6 30. cxd6 Qc4 31. Qf3 Rd7 32.
Kh2 Qb4 33. Bg5 Rxd6 34. Rf2 Nd7 35. Qf7+ Kh7 36. Be7 Qd4 37. Bxd6 Qxd6 38. Qb3 Nc5 39. Qc4 b6 40. Rf7 Ne6 41. Rxa7 Ng5 42. Qe2 Qc5 43. Ra3 b5 44. Rb3 b4 45. Rd3 Ne6 46. Qe3 Nd4 47. Qd2 Qc4 48. Re3 Bh6 49. Qd3 Qc1 50. Re2 Nxe2 51.
Qxe2 Be3 52. Bf1 Qd2 53. Qxd2 Bxd2 54. b3 g5 55. Kg2 h4 56. gxh4 gxh4 57. Kf3 Kg7 58. Kg4 Be1 59. Kf5 Bg3 60. Be2 Kf7 61. Bc4+ Ke7 62. Bd5 Kd6 63. Kf6 Bf2 64. Kg5 Bg3 65.
Kg4 Bf2 66. Kf3 Bg3 67. Ke2 Bf4 68. Kd3 Bg3 69. Kc4 Be1 70. Kd3 Bc3 71. Ke2 Bd4 72. Kf3 Bc3 73. Kg2 Be1 74. Kg1 Bg3 75. Kf1 Bf4 76. Ke2 Bg3 77. Kf3 Be1 78. Kg4 Bg3 79.
Kf3 Be1 80. Kg2 Bg3 81. Kh1 Kc5 82. Kg1 Kd4 83. Kg2 Ke3 84. Kf1 Bf2 85. Kg2 1/2-1/2

[Event "*** Titled Tuesday Blitz"]
[Site "Chess.com"]
[Date "2018.06.05"]
[Round "4"]
[White "sari07"]
[Black "Jooonaaas1996"]
[Result "1/2-1/2"]
[WhiteElo "2178"]
[BlackElo "2278"]
[TimeControl "180+2"]
[EndTime "14:00:26 PDT"]
[Termination "Game drawn - insufficient material"]

1. d4 Nf6 2. c4 e6 3. Nf3 d5 4.
g3 Bb4+ 5. Bd2 Bd6 6. Bg2 O-O 7.
O-O c6 8. Nc3 Nbd7 9. e4 Nxe4 10. Nxe4 dxe4 11. Ng5 Nf6 12. Nxe4 Nxe4 13. Bxe4 Be7 14.
Bc3 Bf6 15. Qc2 g6 16. Rad1 Qe7 17. Rfe1 Bd7 18. a3 Rfe8 19. h4 Qf8 20. h5 Qg7 21.
hxg6 hxg6 22. Bf3 Rad8 23. Kg2 Bc8 24. Qe4 Rd7 25. Rd3 Red8 26. Red1 Re7 27. d5 cxd5 28. cxd5 Bxc3 29. bxc3 Qf6 30. d6 Red7 31. c4 b6 32. Qd4 Qxd4 33. Rxd4 Bb7 34. Bxb7 Rxb7 35. a4 Kf8 36.
Kf3 Ke8 37. Ke4 Kd7 38. Ke5 Rc8 39. Kf6 Rc5 40. Kxf7 g5 41. Kg6 g4 42. Rxg4 Rb8 43.
Kg7 Rf5 44. f4 Rbf8 45. Rg6 R5f7+ 46. Kh6 Rf5 47. Rg7+ Kd8 48. d7 Rh8+ 49. Kg6 Rhf8 50. Kh7 Rh5+ 51. Kg6 Rhf5 52. Kh6 Rh8+ 53. Rh7 Rg8 54.
g4 Rxf4 55. Rg7 Rxg7 56. Kxg7 Rxg4+ 57. Kf6 Rxc4 58. Kxe6 Rxa4 59. Kd6 Ra2 60. Rd5 a6 61. Kc6 b5 62. Re5 Rc2+ 63. Kd6 Rd2+ 64. Kc6 Rxd7 65. Kb6 Rd6+ 66. Ka5 Kc7 67. Re7+ Rd7 68. Re6 Rd6 69. Re7+ Kc6 70. Kxa6 Kc5+ 71. Ka5 b4 72. Rc7+ Rc6 73.
Rxc6+ Kxc6 74. Kxb4 1/2-1/2

[Event "*** Titled Tuesday Blitz"]
[Site "Chess.com"]
[Date "2018.06.05"]
[Round "4"]
[White "TrimitziosP7"]
[Black "GianmarcoVaR"]
[Result "0-1"]
[WhiteElo "2729"]
[BlackElo "2510"]
[TimeControl "180+2"]
[EndTime "14:00:27 PDT"]
[Termination "GianmarcoVaR won by resignation"]

1. Nf3 Nf6 2. c4 b6 3. g3 Bb7 4.
Bg2 c5 5. O-O e6 6. Nc3 Be7 7.
d4 cxd4 8. Nxd4 Bxg2 9. Kxg2 O-O 10. e4 d6 11. Qe2 Qc7 12. f3 Nbd7 13. Be3 Rfe8 14. Rfd1 Rac8 15. b3 a6 16. Rac1 Qb7 17.
Nc2 b5 18. Bd4 bxc4 19. bxc4 Qc7 20. Ne3 Qa5 21. Nb1 Rc7 22. Rc2 Rec8 23. Rdc1 Bf8 24. Nd2 Qa4 25. Nb3 Be7 26. h4 Rc6 27. g4 Bd8 28.
Qd2 Bb6 29. g5 Nh5 30. Bxb6 Rxb6 31. c5 dxc5 32. Nxc5 Nxc5 33. Rxc5 Re8 34. Ng4 Rbb8 35. R1c2 Rbd8 36. Qe3 Rd3 37. Qf2 Nf4+ 38. Kg3 Qxe4 39. R2c4 Nh5+ 40. Kg2 Qa8 41. Ne5 Rd5 42. Qe3 Rxc5 43.
Rxc5 Qb7 44. Rc2 Rd8 45. Rd2 Rd5 46. Rc2 Qb8 47. Ng4 Nf4+ 48. Kf1 Rd1+ 49. Kf2 Nd3+ 50. Ke2 Re1+ 51. Kxd3 Rxe3+ 52. Nxe3 h6 53. gxh6 gxh6 54. Rg2+ Kh7 55. Rc2 Qd8+ 56. Ke2 Qxh4 57. Ng4 h5 58. Nf2 Qa4 59. Rd2 Kg6 60. Nd3 f6 61. Rc2 e5 62.
Rd2 h4 63. Nf2 Qc4+ 64. Ke3 f5 65. Rd6+ Kf7 66. Nd3 f4+ 67. Kd2 Qxa2+ 68. Ke1 Qb1+ 69.
Kf2 Qc2+ 70. Ke1 Qb1+ 71. Ke2 Qa2+ 72. Ke1 Qa1+ 73. Kf2 h3 74. Rd7+ Ke8 75. Rh7 Qa2+ 76. Ke1 Qg2 77. Nf2 h2 78. Ke2 Qg1 79. Rh5 Kd8 80.
Rh7 Kc8 81. Rh5 a5 82. Rxe5 h1=Q 83. Nxh1 Qxh1 84. Rg5 a4 85. Rc5+ Kb7 86. Rb5+ Kc6 87. Rb4 Qg2+ 88. Ke1 Qg1+ 89. Ke2 Qe3+ 90. Kd1 Qd3+ 0-1

[Event "*** Titled Tuesday Blitz"]
[Site "Chess.com"]
[Date "2018.06.05"]
[Round "4"]
[White "FMJoseHerrera"]
[Black "BasilSmash"]
[Result "0-1"]
[WhiteElo "2441"]
[BlackElo "2410"]
[TimeControl "180+2"]
[EndTime "14:00:33 PDT"]
[Termination "BasilSmash won on time"]

1. Nf3 d5 2. g3 Bg4 3. Bg2 Nd7 4. O-O Ngf6 5. d3 e5 6. c3 c6 7. Qb3 Qc7 8. a4 a5 9. Qc2 Bc5 10. Nbd2 O-O 11. Rb1 Rfe8 12. b4 Bf8 13. e4 dxe4 14.
dxe4 Nb6 15. b5 Nbd7 16. Re1 Nc5 17. Ba3 Nfd7 18. Nc4 f6 19. b6 Qd8 20. Nh4 Be6 21. Bf1 g6 22. Red1 Qe7 23. Ne3 Qf7 24. c4 Na6 25.
Bxf8 Qxf8 26. Qe2 Nb4 27. Nef5 Nxb6 28. Nd6 Re7 29. c5 Nxa4 30. Qe3 Rd7 31. Ra1 Nxc5 32. Qxc5 Rad8 33. Qxa5 Rxd6 34. Rdb1 Nc2 35. Ra2 Nd4 36.
Rab2 b5 37. Rc1 Ra8 38. Qb4 Rdd8 39. Qd2 Qa3 40. Qc3 Qxc3 41. Rxc3 Ra1 42. Kg2 Kg7 43. f4 Bg4 44. h3 Bxh3+ 45. Kxh3 Rxf1 46. fxe5 fxe5 47. Kg2 Rdf8 48. Ra2 h5 49. Rc5 Rd1 50. Rxe5 Rf7 51. Rg5 Rf6 52. Ra7+ Kh6 53. Rc5 Ne6 54. Rc2 c5 55. Rb7 b4 56. e5 Rf8 57. Rb6 Re8 58. Rf2 Rd5 59. Rf6 Rd2+ 60. Kf1 Nf8 61.
Nf5+ Kh7 62. Rb7+ Rd7 63. Rxd7+ Nxd7 64. Rf7+ Kg8 65. Rg7+ Kf8 66. Rxg6 Nxe5 67. Rf6+ Kg8 68. Rb6 Rf8 69. g4 hxg4 0-1

[Event "*** Titled Tuesday Blitz"]
[Site "Chess.com"]
[Date "2018.06.05"]
[Round "4"]
[White "Blitzstream"]
[Black "Doraemon7"]
[Result "0-1"]
[WhiteElo "2422"]
[BlackElo "2413"]
[TimeControl "180+2"]
[EndTime "14:00:42 PDT"]
[Termination "Doraemon7 won by resignation"]

1. Nf3 d5 2. g3 c6 3. Bg2 Bg4 4. O-O Nd7 5. c4 e6 6. Qb3 Qb6 7. Qc2 Ngf6 8. d3 Bd6 9. Be3 Qc7 10. Nc3 O-O 11. Rfc1 a6 12. Rab1 Qd8 13. b4 e5 14. Bg5 h6 15. Bd2 Qe7 16. e4 d4 17. Ne2 c5 18. a3 Rfc8 19. h3 Bxf3 20. Bxf3 Nf8 21. g4 Ne6 22. Ng3 Qd7 23. Nf5 Bf8 24.
h4 Ne8 25. Qb3 Kh7 26. g5 hxg5 27. hxg5 Be7 28. Kg2 Bxg5 29. Bxg5 Nxg5 30. bxc5 g6 31. Rh1+ Kg8 32. Nh6+ Kg7 33. Bg4 Ne6 34. Qxb7 N8c7 35. c6 Qe7 36. Bxe6 Qxe6 37. Rh4 Qd6 38. Qb4 Qf6 39.
Qd2 Qxc6 40. Rbh1 Ne6 41. Nf5+ Kf6 42. Rh7 Nf4+ 43. Kf3 gxf5 44. R1h6+ Ng6 45. Rh5 f4 46. Rf5+ Ke7 47. Rhxf7+ Ke8 48. R5f6 Nh4+ 49. Kg4 Qc5 50. Kxh4 Rc7 51. Rxc7 Qxc7 52. Qb4 Qh7+ 53. Kg5 Qg7+ 54. Kf5 Qd7+ 55. Kxe5 Qc7+ 56. Kf5 Qh7+ 57. Kxf4 Qh4+ 58. Kf5 Qh5+ 59. Ke6 Qh3+ 60. Ke5 Qh5+ 61. Rf5 Qh2+ 62. f4 Qh8+ 63. Rf6 Qh5+ 64. Ke6 Qg4+ 65. f5 Qg8+ 66. Ke5 Qg3+ 67. Ke6 Qg8+ 68. Ke5 Qg3+ 69. Kxd4 Rd8+ 70. Kc3 Qe5+ 71. Kb3 Qxf6 72. Qb7 Rxd3+ 73. Ka4 Qe7 74. Qxa6 Rxa3+ 0-1

[Event "*** Titled Tuesday Blitz"]
[Site "Chess.com"]
[Date "2018.06.05"]
[Round "4"]
[White "CarlssonLudvig"]
[Black "GMCanty"]
[Result "1/2-1/2"]
[WhiteElo "2081"]
[BlackElo "2204"]
[TimeControl "180+2"]
[EndTime "14:00:48 PDT"]
[Termination "Game drawn - insufficient material"]

1. e4 c5 2. Nf3 g6 3. d4 cxd4 4. Nxd4 Nc6 5. Nc3 Bg7 6. Be3 Nf6 7. Bc4 O-O 8. Bb3 a5 9. a4 Ng4 10. Nxc6 Nxe3 11. Nxe7+ Qxe7 12. fxe3 Bxc3+ 13. bxc3 Qh4+ 14. g3 Qxe4 15. O-O Qxe3+ 16. Rf2 Qxc3 17. Qf1 Qc5 18. Qc4 Qxc4 19. Bxc4 Kg7 20. Re1 d5 21. Bxd5 Bf5 22.
Re7 Rad8 23. c4 Rd7 24. Rxd7 Bxd7 25. Bxb7 Bxa4 26. Ra2 Bb3 27. Rxa5 Bxc4 28. h4 Be6 29. Rc5 h5 30. Rc2 Bg4 31. Bg2 Rb8 32. Kh2 Rb1 33. Rf2 Rb3 34. Rc2 Rb4 35. Rf2 f6 36. Rd2 g5 37.
hxg5 fxg5 38. Rf2 Kg6 39. Rd2 h4 40. gxh4 gxh4 41. Rd6+ Kg5 42. Rd5+ Kf4 43. Rd2 Rb3 44. Rd4+ Kf5 45. Rd5+ Kf4 46. Rd4+ Kg5 47. Rd5+ Kf6 48. Rd6+ Ke5 49. Rd5+ Ke6 50. Rd2 Rc3 51. Rd4 Kf5 52.
Rd5+ Kf4 53. Rd4+ Ke5 54. Rxg4 Kf5 55. Rxh4 Kg5 56. Ra4 Rc8 57. Kg3 Rh8 58. Ra5+ Kf6 59. Bf3 Rg8+ 60. Kf4 Rf8 61. Bg4 Kg6+ 62. Bf5+ Kf6 63.
Ra6+ Kg7 64. Kg5 Rf7 65. Ra4 Re7 66. Rh4 Kf8 67. Bg6 Rg7 68. Kf6 Rf7+ 69. Ke6 Re7+ 70. Kf5 Rg7 71. Ra4 Re7 72. Kf6 Rf7+ 73. Kg5 Re7 74.
Kh6 Rc7 75. Re4 Re7 76. Rf4+ Kg8 77. Bf7+ Rxf7 78. Rxf7 Kxf7 1/2-1/2